 Dungeon Crawl Stone Soup version 0.31-a0-360-gb3e1d13bf4 (webtiles) character file.

Game seed: 7704583751967919121

664 CraigForest the Shield-Bearer (level 7, -4/61 HPs)
             Began as a Troll Fighter on July 27, 2023.
             Was a Follower of Qazlal.
             Slain by Duvessa
             ... wielding a +0 short sword
              (11 damage)
             ... on level 5 of the Dungeon.
             The game lasted 00:26:31 (3842 turns).

CraigForest the Shield-Bearer (Troll Fighter)       Turns: 3842, Time: 00:26:31

Health: -4/61      AC:  3    Str: 27    XL:     7   Next: 31%
Magic:  6/6        EV:  9    Int:  8    God:    Qazlal [*.....]
Gold:   213        SH: 10    Dex:  8    Spells: 6/6 levels left

rFire   . . .        p - +10 dagger of the Shore {freeze, Str+3}
rCold   . . .        c - +1 kite shield
rNeg    + . .        b - +0 robe
rPois   .            (helmet restricted)
rElec   .            (no cloak)
rCorr   .            (gloves unavailable)
SInv    +            (boots unavailable)
Will    .....        (no amulet)
Stlth   +            k - ring of positive energy
HPRegen 1.10/turn    e - ring of see invisible
MPRegen 0.10/turn

%: no passive effects
@: no status effects
A: large, unfitting armour, claws 3, regeneration 1, shaggy fur 1, tough skin 1,
clever 1, clumsy 1, deformed body, frail 1, sturdy frame 1
a: Renounce Religion


You were on level 5 of the Dungeon.
You worshipped Qazlal.
Qazlal was aware of your devotion.
You visited 2 branches of the dungeon, and saw 6 of its levels.
You also visited: Sewer and Ossuary.

You collected 213 gold pieces.

Inventory:

Hand Weapons
 a - a +0 flail
 p - the +10 dagger of the Shore (weapon) {freeze, Str+3}
   (You found it on level 2 of the Dungeon)

   Str:       It affects your strength (+3).
 q - a +0 broad axe
Armour
 b - a +0 robe (worn)
 c - a +1 kite shield (worn)
Magical Staves
 r - a staff of cold
Jewellery
 e - a ring of see invisible (right claw)
 k - a ring of positive energy (left claw)
 x - a +6 ring of strength
Talismans
 w - a maw talisman
Wands
 f - a wand of iceblast (12) (quivered)
Scrolls
 h - 2 scrolls of fear
 i - a scroll of butterflies {unknown}
 l - a scroll of enchant armour
 o - a scroll of amnesia {unknown}
 u - a scroll of torment {unknown}
 y - a scroll of enchant weapon {unknown}
Potions
 d - 2 potions of might
 g - a potion of ambrosia
 j - 5 potions of heal wounds
 m - a potion of enlightenment
 n - 3 potions of cancellation
 s - 4 potions of curing
 t - a potion of haste {unknown}
 v - 2 potions of brilliance
 z - a potion of invisibility {unknown}


   Skills:
 + Level 3.8 Fighting
 + Level 3.8 Short Blades
 - Level 2.1 Maces & Flails
 + Level 3.6 Dodging
 + Level 4.2 Shields


You had 6 spell levels left.
You didn't know any spells.
Your spell library contained the following spells:

 Spells                   Type           Power      Damage    Failure   Level
 Foxfire                  Conj/Fire      0%         2x1d4     63%         1
 Plasma Beam              Fire/Air       0%         2x1d10    100%        6
 Starburst                Conj/Fire      0%         6d3       100%        6


Dungeon Overview and Level Annotations

Branches:
Dungeon (5/15)             Temple (1/1) D:4           Sewer (visited)
Ossuary (visited)

Altars:
Gozag
Kikubaaqudgha
Nemelex Xobeh
Qazlal
Ru
Trog
Uskayaw
Vehumet
Zin

Shops:
D:5 *

Annotations:
D:5 Duvessa


Innate Abilities, Weirdness & Mutations

You are too large for most types of armour.
You have claws for hands.
Your natural rate of healing is unusually fast.
You are covered in fur. (AC +1)
You have tough skin. (AC +1)
Your mind is acute. (Int +4, Str/Dex -1)
You are clumsy. (Dex -2)
Armour fits poorly on your strangely shaped body.
You are frail. (-10% HP)
Your movements are slightly less encumbered by armour. (ER -2)


Message History

Duvessa says, "Where magic fails, the sword succeeds!"
You hit Dowan. You freeze Dowan.
You kill Dowan!
Qazlal accepts your kill.
Duvessa weeps, and shakes her weapon.
Duvessa goes berserk!
You puncture Duvessa! You freeze Duvessa.
Duvessa is moderately wounded.
Duvessa hits you with a +0 short sword!
You hit Duvessa. You freeze Duvessa.
Duvessa is moderately wounded.
Duvessa hits you but does no damage. Duvessa barely misses you.
You barely miss Duvessa.
Duvessa is moderately wounded.
A shadow imp comes into view.
You block Duvessa's attack.
You hit Duvessa. You freeze Duvessa.
Duvessa is heavily wounded.
Duvessa hits you with a +0 short sword!
A scorpion comes into view.
You hit Duvessa. You freeze Duvessa.
Duvessa is heavily wounded.
Duvessa hits you with a +0 short sword! You block Duvessa's attack.
You hit Duvessa. You freeze Duvessa.
Duvessa is severely wounded.
Duvessa hits you with a +0 short sword!
* * * LOW HITPOINT WARNING * * *
Aiming: Iceblast
Press: ? - help, Q - select action Shift-Dir - straight line That beam is likely to hit you.
Continue anyway? [Y]es or [N]o only, please.
That beam is likely to hit you.
Continue anyway?
Okay, then.
Aiming: Iceblast
Press: ? - help, Q - select action Shift-Dir - straight line
Okay, then.
You hit Duvessa. You freeze Duvessa.
Duvessa is severely wounded.
Duvessa hits you with a +0 short sword!
You die...

~~~~~....
~~~~~#... #.#.# ##
~~~~...## #.#.#?.
...#...# #.#s#.
...[...# #.<5.
.......# #...
.......# #..
.......# #e#
.......#########@#
.................#
.#################
## # # # # #


You could see Duvessa (berserk), a scorpion and a shadow imp.

Vanquished Creatures
  An ogre (D:5)
  Dowan (D:5)
  2 jellies
  4 human zombies (Ossuary)
  6 mummies (Ossuary)
  11 adders
  5 river rats (Sewer)
  An ufetubus (D:4)
  3 worms
  2 dart slugs (D:2)
  5 orcs
  4 ball pythons
  6 bats
  7 endoplasms
  A giant cockroach (D:5)
  9 goblins
  6 hobgoblins
  4 jackals
  9 quokkas
  10 frilled lizards
  A hobgoblin zombie (Ossuary)
  12 kobolds
  2 kobold zombies (Ossuary)
  2 orc zombies
  9 rats
  A rat zombie (D:4)
124 creatures vanquished.

Notes
Turn   | Place    | Note
-------+----------+-------------------------------------------
     0 | D:1      | CraigForest the Troll Fighter began the quest for the Orb.
     0 | D:1      | Reached XP level 1. HP: 22/22 MP: 0/0
   328 | D:1      | Reached skill level 3 in Shields
   328 | D:1      | Reached XP level 2. HP: 29/29 MP: 1/1
  1013 | D:2      | Identified the +10 dagger of the Shore {freeze, Str+3}
  1021 | D:2      | Reached XP level 3. HP: 36/36 MP: 2/2
  1108 | D:2      | Reached XP level 4. HP: 44/44 MP: 3/3
  1489 | D:3      | Found a hide-covered altar of Uskayaw.
  1862 | D:3      | Reached skill level 1 in Short Blades
  2200 | D:4      | Found a sand-covered staircase.
  2208 | Ossuary  | Entered an ossuary
  2240 | Ossuary  | Reached XP level 5. HP: 35/53 MP: 4/4
  2359 | Ossuary  | Gained mutation: You are somewhat resistant to further
                  | mutation. [potion of mutation]
  2374 | Ossuary  | Reached XP level 6. HP: 60/61 MP: 5/5
  2533 | D:4      | Lost mutation: You are somewhat resistant to further
                  | mutation. [potion of mutation]
  2533 | D:4      | Gained mutation: You have hidden genetic defects. [potion
                  | of mutation]
  2533 | D:4      | Gained mutation: You are clumsy. (Dex -2) [potion of
                  | mutation]
  2533 | D:4      | Gained mutation: Your movements are slightly less
                  | encumbered by armour. (ER -2) [potion of mutation]
  2533 | D:4      | Gained mutation: Your mind is acute. (Int +4, Str/Dex -1)
                  | [potion of mutation]
  2558 | D:4      | Reached skill level 4 in Shields
  2640 | D:4      | Found a staircase to the Ecumenical Temple.
  2661 | Temple   | Entered the Ecumenical Temple
  2666 | Temple   | Became a worshipper of Qazlal Stormbringer
  2841 | D:4      | Gained mutation: You are frail. (-10% HP) [hidden defects]
  3014 | D:5      | Entered Level 5 of the Dungeon
  3044 | D:5      | Found a sparkling altar of Nemelex Xobeh.
  3069 | D:5      | Gained mutation: Armour fits poorly on your strangely
                  | shaped body. [hidden defects]
  3069 | D:5      | Lost mutation: You have hidden genetic defects. [hidden
                  | defects expressed]
  3121 | D:5      | Found Zin's Purification Station.
  3126 | D:5      | Found a glowing drain.
  3144 | Sewer    | Entered a sewer
  3180 | Sewer    | Reached XP level 7. HP: 61/61 MP: 6/6
  3325 | Sewer    | Reached * piety under Qazlal
  3765 | D:5      | Found a glowing silver altar of Zin.
  3831 | D:5      | Noticed Duvessa
  3831 | D:5      | Noticed Dowan
  3835 | D:5      | Killed Dowan
  3842 | D:5      | Slain by Duvessa

Illustrated notes

Levels and vault maps discovered:
D:1:      dpeg_arrival_line_fractal, layout_basic
D:2:      layout_basic, minmay_guardbox
D:3:      layout_basic, mainiacjoe_overflow_paths
D:4:      layout_basic, minmay_temple_entry_offerings, enter_ossuary_3,
          serial_bayou_crossing
D:5:      layout_basic, nemelex_dance_club_becter, zin_purify, bloody_makhleb,
          cheibrodos_sewer_entry_drain, minmay_manual_mares, uniq_eustachio,
          uniq_duvessa
Temple:   hellmonk_temple_micro_hex

Skill      XL: |  1  2  3  4  5  6 |
---------------+-------------------+-----
Shields        | 3 4 |  4.2
Maces & Flails | 2 |  2.1
Fighting       | 3 |  3.8
Short Blades   | 1 2 3 |  3.8
Dodging        | 3 |  3.6

Action                     |  1- 3 |  4- 6 |  7- 9 || total
---------------------------+-------+-------+-------++-------
  Melee: Flail             |    85 |       |       ||    85
         Dagger            |    27 |   161 |    86 ||   274
  Evoke: Wand              |       |       |     1 ||     1
    Use: Scroll            |       |    12 |       ||    12
         Potion            |       |     3 |       ||     3
   Stab: Sleeping          |     1 |     1 |       ||     2
 Armour: Robe              |    35 |    25 |     6 ||    66
  Dodge: Dodged            |    43 |    38 |    14 ||    95
  Block: Kite shield       |    73 |    32 |    22 ||   127

Table legend: (Time is in decaauts)
 A = Elapsed time spent in this place.
 B = Non-inter-level travel time spent in this place.
 C = Inter-level travel time spent in this place.
 D = Time resting spent in this place.
 E = Time spent auto-exploring this place.
 F = Levels seen in this place.
 G = Mean time per level.
                   A        B        C        D        E       F      G
               +--------+--------+--------+--------+--------+-----+--------+
         Total |   3873 |   3197 |    676 |      0 |   1869 |   8 |  484.1 |
       Dungeon |   3047 |   2379 |    668 |      0 |   1692 |   5 |  609.4 |
        Temple |     10 |      2 |      8 |      0 |      0 |   1 |   10.0 |
         Sewer |    604 |    604 |      0 |      0 |    177 |   1 |  604.0 |
       Ossuary |    211 |    211 |      0 |      0 |      0 |   1 |  211.0 |
               +--------+--------+--------+--------+--------+-----+--------+

Top non-repeatable levels by time:
     D:3: 865 daAuts
     D:1: 809 daAuts
   Sewer: 604 daAuts
     D:4: 590 daAuts
     D:2: 566 daAuts
     D:5: 215 daAuts
 Ossuary: 211 daAuts
  Temple: 10 daAuts
